 Dungeon Crawl Stone Soup version 0.26.0-18-gc5c842f807 (webtiles) character file.

Game seed: 3668979957098172474

184 Gauvater the Firebug (level 5, 0/32 HPs)
             Began as an Octopode Fire Elementalist on Jan 22, 2021.
             Slain by an orc
             ... wielding a +2 dagger of freezing
              (2 damage)
             ... on level 3 of the Dungeon.
             The game lasted 00:14:52 (3395 turns).

Gauvater the Firebug (Octopode Fire Elementalist)   Turns: 3395, Time: 00:14:52

Health: 0/32       AC:  1    Str:  7    XL:     5   Next: 63%
Magic:  0/19       EV: 14    Int: 19    God:
Gold:   115        SH:  0    Dex: 12    Spells: 10/11 levels left

rFire    . . .     SeeInvis .   w - +1 hand axe (freeze)
rCold    . . .     Faith    .   (no shield)
rNeg     . . .     Spirit   +   (helmet restricted)
rPois    .         Reflect  .   o - amulet of guardian spirit
rElec    .         Harm     .   c - ring of willpower
rCorr    .         Rampage  .   C - ring of magical power
Will     +....                  z - ring of wizardry
Stlth    +++.......             (no ring)
HPRegen  0.10/turn              (no ring)
MPRegen  0.16/turn              (no ring)
                                (no ring)
                                (no ring)

@: no status effects
A: almost no armour, stealthy swim, amphibious, 8 rings, constrict 8, camouflage
1, gelatinous body 1
a: no special abilities


You were on level 3 of the Dungeon.
You visited 1 branch of the dungeon, and saw 3 of its levels.

You collected 115 gold pieces.

Inventory:

Hand Weapons
 w - a +1 hand axe of freezing (weapon)
Missiles
 a - 119 stones
 e - 3 javelins
 m - 10 bolts
 p - 56 sling bullets
 x - 17 poisoned darts
Armour
 g - a +0 kite shield
 D - a +0 buckler
Jewellery
 c - a ring of willpower (left tentacle)
 o - an amulet of guardian spirit (around mantle)
 z - a ring of wizardry (on tentacle)
 C - a ring of magical power (right tentacle)
Wands
 y - a wand of paralysis (7)
Scrolls
 b - a scroll of enchant armour {unknown}
 f - 2 scrolls of fear {unknown}
 h - a scroll of teleportation
 i - 2 scrolls of immolation {unknown}
 k - 2 scrolls of blinking {unknown}
 l - 3 scrolls of identify {unknown}
 s - a scroll of magic mapping {unknown}
 u - a scroll of remove curse {unknown}
 v - a scroll of fog {unknown}
 B - a scroll of amnesia {unknown}
Potions
 d - a potion of might {unknown}
 j - a potion of lignification {unknown}
 n - a potion of mutation {unknown}
 q - a potion of berserk rage {unknown}
 r - a potion of flight {unknown}
 t - a potion of heal wounds {unknown}
 A - a potion of brilliance {unknown}


   Skills:
 + Level 0.4 Fighting
 + Level 2.6 Dodging
 + Level 3.4 Stealth
 + Level 3.8 Spellcasting
 + Level 1.5 Conjurations
 + Level 3.9 Fire Magic


You had 10 spell levels left.
You knew the following spells:

 Your Spells              Type           Power        Failure   Level
a - Foxfire               Conj/Fire      56%          1%          1

Your spell library contained the following spells:

 Spells                   Type           Power        Failure   Level
 Conjure Flame            Conj/Fire      14%          6%          3
 Inner Flame              Hex/Fire       11%          8%          3
 Sticky Flame             Conj/Fire      14%          17%         4
 Fireball                 Conj/Fire      7%           43%         5


Dungeon Overview and Level Annotations

Branches:
Dungeon (3/15)

Altars:


Innate Abilities, Weirdness & Mutations

You cannot wear most types of armour.
You are very stealthy in the water. (Stealth+)
You are amphibious.
You can wear up to eight rings at the same time.
You can use your tentacles to constrict eight enemies at once.
Your skin changes colour to match your surroundings (Stealth+).
Your rubbery body absorbs attacks. (AC +1, EV +1)


Message History

The orc is heavily wounded.
You barely miss the orc priest. You closely miss the orc.
The foxfire hits the orc.
The orc is heavily wounded.
The foxfire hits the orc but does no damage.
The orc is heavily wounded.
The orc hits you but does no damage. The orc misses you.
The orc priest calls down the wrath of Beogh upon you.
Beogh smites you!
* * * LOW HITPOINT WARNING * * *
The orc completely misses you.
Casting: Foxfire (safe; 1% risk of failure)
Confirm with . or Enter, or press ? or * to list all spells.
You conjure some foxfire!
The orc hits you with a +0 hand axe.
* * * LOW HITPOINT WARNING * * *
The orc priest closely misses you.
The orc hits you with a +2 dagger of freezing.
* * * LOW HITPOINT WARNING * * *
The orc freezes you.
You die...

#............# ..#...#...#..
#.# .....###.....## . #.#
#.##. #.###.#. .. #.#
#.#..##+.....'# ..o #.#
#.#.#...#####.. .... #.#
#.#...#.#...#.)
.....##.#######.#..#..#)..'..
.......)...o@v..#.....#...#.#
.##>...oov....#...#####.. #
#.#########..##+.....'# #.
#.# ##.# #.....#. #.######.#
##..###..#..## #......#.#
#..#...#...#.. #.......#
#.....(..#...# #.......#
#.#[#.........
#.......########...########..


You could see an orc priest and 2 orcs.

Vanquished Creatures
  An orc priest (D:3)
  7 adders
  A worm (D:3)
  A dart slug (D:1)
  2 leopard geckos (D:1)
  9 orcs
  2 giant cockroaches
  3 goblins
  12 hobgoblins
  5 jackals
  4 quokkas
  A ball python (D:3)
  10 bats
  5 frilled lizards
  5 kobolds
  5 rats
73 creatures vanquished.

Vanquished Creatures (others)
  233 foxfires
233 creatures vanquished.

Grand Total: 306 creatures vanquished

Notes
Turn   | Place    | Note
-------+----------+-------------------------------------------
     0 | D:1      | Gauvater the Octopode Fire Elementalist began the quest for
                  | the Orb.
     0 | D:1      | Reached XP level 1. HP: 11/11 MP: 3/3
   209 | D:1      | Reached XP level 2. HP: 17/17 MP: 1/5
   602 | D:1      | Reached XP level 3. HP: 21/21 MP: 3/6
  1330 | D:2      | Reached XP level 4. HP: 15/27 MP: 3/8
  2442 | D:3      | Reached XP level 5. HP: 7/32 MP: 3/10
  3395 | D:3      | Slain by an orc

Illustrated notes

Levels and vault maps discovered:
D:1:      ncdulo_halloftheorcs, layout_basic
D:2:      layout_basic, kennysheep_minor_cross, minmay_3d_cube
D:3:      minmay_chambers_of_threes, layout_basic,
          minmay_fractal_squares_diagonal_5

Skill      XL: |  1  2  3 |
---------------+----------+-----
Stealth        | 3 |  3.4
Spellcasting   | 3 |  3.8
Fighting       | |  0.4
Dodging        | |  2.6
Conjurations   | |  1.5
Fire Magic     | |  3.9

Action                   |  1- 3 |  4- 6 || total
-------------------------+-------+-------++-------
Melee: Unarmed           |     3 |     2 ||     5
       Constrict         |     1 |     1 ||     2
       Hand axe          |       |     3 ||     3
 Cast: Foxfire           |    55 |    83 ||   138
  Use: Scroll            |     1 |       ||     1
Armor: Skin              |     6 |     5 ||    11
Dodge: Dodged            |    52 |    42 ||    94
